 Dungeon Crawl Stone Soup version 0.31-a0-369-g8eba5f6939 (webtiles) character file.

Game seed: 8181058053620056527

462 LeprechaunX the Changeling (level 7, -8/46 HPs)
             Began as an Octopode Shapeshifter on July 28, 2023.
             Splashed by a jelly's acid (10 damage)
             ... on level 4 of the Dungeon.
             The game lasted 00:04:59 (2927 turns).

LeprechaunX the Changeling (Octopode Shapeshifter)  Turns: 2927, Time: 00:04:59

Health: -8/46      AC: -3    Str: 16    XL:     7   Next: 7%
Magic:  7/7        EV: 13    Int: 10    God:
Gold:   193        SH:  0    Dex: 13    Spells: 6/6 levels left

rFire   . .          .
                       - Unarmed
rCold   . . .        (no shield)
rNeg    . . .        (helmet currently unavailable)
rPois   +            q - amulet of magic regeneration
rElec   .            e - ring of poison resistance
rCorr   .            (no ring)
SInv    .            (no ring)
Will    .....        (no ring)
Stlth   ++           (no ring)
HPRegen 0.27/turn    (no ring)
MPRegen 0.50/turn    (no ring)
                     (no ring)

%: no passive effects
@: beast-form, corroded
A: beast (slay +3), almost no armour, amphibious, 8 rings, camouflage 1,
gelatinous body 1, (nimble swimmer 1), tentacles
a: Begin Untransformation


You were on level 4 of the Dungeon.
You were a hulking beast.
You visited 1 branch of the dungeon, and saw 4 of its levels.

You collected 193 gold pieces.

Inventory:

Hand Weapons
 a - a +3 short sword
Jewellery
 e - a ring of poison resistance (left tentacle)
 q - an amulet of magic regeneration (around mantle)
Talismans
 b - a beast talisman
 h - a blade talisman
Wands
 w - a wand of flame (6) (quivered)
Scrolls
 i - 4 scrolls of identify {unknown}
 j - a scroll of fog {unknown}
 l - a scroll of poison {unknown}
 o - a scroll of vulnerability {unknown}
 r - 2 scrolls of revelation {unknown}
 s - a scroll of teleportation {unknown}
 u - a scroll of amnesia {unknown}
 v - a scroll of enchant armour {unknown}
Potions
 c - a potion of might {unknown}
 d - a potion of ambrosia {unknown}
 f - 2 potions of attraction {unknown}
 g - a potion of degeneration {unknown}
 k - a potion of lignification
 m - a potion of enlightenment {unknown}
 n - a potion of curing {unknown}
 p - 2 potions of heal wounds {unknown}
 t - a potion of haste {unknown}


   Skills:
 + Level 3.5 Fighting
 - Level 2.0 Dodging
 + Level 4.6 Unarmed Combat
 * Level 5.1 Shapeshifting


You had 6 spell levels left.
You didn't know any spells.
Your spell library contained the following spells:

 Spells                   Type           Power      Damage    Failure   Level
 Freeze                   Ice            0%         1d3       36%         1
 Call Canine Familiar     Summ           0%         N/A       75%         3
 Frozen Ramparts          Ice            0%         1d1       75%         3
 Hailstorm                Conj/Ice       0%         3d3       75%         3
 Portal Projectile        Hex/Tloc       0%         N/A       75%         3
 Leda's Liquefaction      Hex/Erth       0%         N/A       98%         4


Dungeon Overview and Level Annotations

Branches:
Dungeon (4/15)
 Temple: D:4-7

Altars:
Kikubaaqudgha
Trog

Shops:
D:3 :   D:4 [


Innate Abilities, Weirdness & Mutations

You are a hulking beast.
Your limbs bulge with bestial killing power. (Slay +3)
You cannot wear most types of armour.
You are amphibious.
You can wear up to eight rings at the same time.
Your skin changes colour to match your surroundings (Stealth+).
Your rubbery body absorbs attacks. (AC +1, EV +1)
((You are camouflaged when in or above water. (Stealth+)))
You have tentacles for arms and can constrict up to eight enemies at once.


Message History

The endoplasm is lightly wounded.
Something hits the fungus.
Something hits the toadstool but does no damage.
The endoplasm hits you.
Something hits the toadstool.
The toadstool is destroyed!
You tentacle-slap the endoplasm.
You kill the endoplasm!
You tentacle-slap the endoplasm.
The endoplasm is almost dead.
The endoplasm freezes you.
You are frozen.
The endoplasm attacks as you move away! The endoplasm barely misses you.
Things that are here:
a +0 dagger of speed; a kobold corpse The endoplasm quivers.
You tentacle-slap the endoplasm but do no damage.
The endoplasm is almost dead.
You tentacle-slap the endoplasm.
You kill the endoplasm!
You are no longer corroded.
There is an open door here.
Okay, then.
You close the door.
You start resting.
You hear a slurping noise.
The jelly eats the door!
You barely miss the jelly. The jelly hits you. The acid corrodes you!
You are splashed with acid!
You tentacle-slap the jelly.
Your tentacles burn!
* * * LOW HITPOINT WARNING * * *
You squeeze the jelly!
The jelly is heavily wounded.
The jelly hits you.
* * * LOW HITPOINT WARNING * * *
You are splashed with acid!
* * * LOW HITPOINT WARNING * * *
The jelly attacks as you move away! The jelly hits you.
* * * LOW HITPOINT WARNING * * *
You are splashed with acid!
You die...

##)''###.#
##...#####
##.....##
#.......#
#.......#
#..)....#
#.....(.#
#....####
#...hJJ.##
########.#
##J)..J.##
##J#######
#.J.P.PJ..
#.PJ...JP.
#.JJ..J.PJ
#÷.JP÷P.P.
#...PJP.P.


You could see a jelly and an endoplasm.

Vanquished Creatures
  A hornet zombie (D:3)
  An ogre (D:4)
  The ghost of knightboat the Shooter, a weakling DgHs (D:3)
  2 jellies (D:4)
  A bullfrog skeleton (D:3)
  A hound (D:4)
  2 adders (D:2)
  3 gnolls (D:2)
  A howler monkey skeleton (D:3)
  2 ufetubi (D:4)
  A worm (D:3)
  A dart slug (D:2)
  3 orcs (D:3)
  8 endoplasms
  3 giant cockroaches
  4 hobgoblins
  9 kobolds
  6 quokkas
  4 ball pythons
  2 bats
  2 frilled lizards
  3 goblins
  2 rats
63 creatures vanquished.

Notes
Turn   | Place    | Note
-------+----------+-------------------------------------------
     0 | D:1      | LeprechaunX the Octopode Shapeshifter began the quest for
                  | the Orb.
     0 | D:1      | Reached XP level 1. HP: 13/13 MP: 1/1
   431 | D:1      | Reached XP level 2. HP: 18/18 MP: 2/2
   587 | D:1      | Found an ancient bone altar of Kikubaaqudgha.
   901 | D:2      | Reached XP level 3. HP: 7/23 MP: 3/3
  1087 | D:2      | Reached XP level 4. HP: 27/29 MP: 4/4
  1273 | D:2      | Found a bloodstained altar of Trog.
  1868 | D:3      | Found a runed translucent gate.
  1869 | D:3      | Found a runed translucent gate.
  1870 | D:3      | Found a runed translucent gate.
  1872 | D:3      | Noticed knightboat's ghost (weakling DgHs)
  2173 | D:3      | Found Qewoficw's Book Emporium.
  2460 | D:3      | Reached skill level 4 in Shapeshifting
  2460 | D:3      | Reached XP level 5. HP: 33/35 MP: 5/5
  2467 | D:3      | Killed knightboat's ghost
  2488 | D:3      | Reached XP level 6. HP: 6/42 MP: 6/6
  2686 | D:4      | Found Xodd's Armour Emporium.
  2806 | D:4      | Reached skill level 5 in Shapeshifting
  2903 | D:4      | Reached XP level 7. HP: 28/46 MP: 7/7
  2927 | D:4      | HP: 2/46 [jelly (1)]
  2927 | D:4      | Splashed by a jelly's acid

Illustrated notes

Levels and vault maps discovered:
D:1:      dpeg_arrival_water_altar, layout_rooms, minmay_gold_behind_fungi
D:2:      layout_loops_ring, basic_altar, minmay_fountain_box,
          hangedman_decor_growths
D:3:      layout_loops_ring, gammafunk_ghost_necromancy, serial_shops, shop,
          minmay_starry_boxes
D:4:      cheibrodos_fertilizer, layout_loops_ring, serial_shops,
          nicolae_shop_trees, serial_demonic, serial_demonic_a,
          serial_demonic_d, serial_demonic_b, serial_demonic_f

Skill      XL: |  1  2  3  4  5  6 |
---------------+-------------------+-----
Fighting       | 2 3 |  3.5
Shapeshifting  | 4 5 |  5.1
Unarmed Combat | 4 |  4.6
Dodging        | |  2.0

Action                     |  1- 3 |  4- 6 |  7- 9 || total
---------------------------+-------+-------+-------++-------
  Melee: Unarmed           |    31 |     5 |     8 ||    44
         Constrict         |    13 |    20 |       ||    33
         Tentacles         |    10 |    13 |     1 ||    24
         Short sword       |    17 |    95 |       ||   112
         Punch             |     1 |     7 |       ||     8
  Evoke: Wand              |       |     4 |       ||     4
    Use: Potion            |       |     1 |       ||     1
   Stab: Sleeping          |     1 |     5 |       ||     6
 Armour: Skin              |     4 |    22 |       ||    26
  Dodge: Dodged            |    21 |    36 |     2 ||    59

Table legend: (Time is in decaauts)
 A = Elapsed time spent in this place.
 B = Non-inter-level travel time spent in this place.
 C = Inter-level travel time spent in this place.
 D = Time resting spent in this place.
 E = Time spent auto-exploring this place.
 F = Levels seen in this place.
 G = Mean time per level.
                   A        B        C        D        E       F      G
               +--------+--------+--------+--------+--------+-----+--------+
         Total |   2919 |   2804 |    115 |    447 |   1852 |   4 |  729.8 |
       Dungeon |   2919 |   2804 |    115 |    447 |   1852 |   4 |  729.8 |
               +--------+--------+--------+--------+--------+-----+--------+

Top non-repeatable levels by time:
     D:3: 1145 daAuts
     D:2: 907 daAuts
     D:1: 629 daAuts
     D:4: 237 daAuts
